 Dungeon Crawl Stone Soup version 0.29-a0-284-gf9362112df (webtiles) character file.

Game seed: 4610183550471306180

2046 Noranon the Martial Artist (level 9, -1/60 HPs)
             Began as an Octopode Monk on Mar 31, 2022.
             Slain by a troll (9 damage)
             ... on level 7 of the Dungeon on Apr 1, 2022.
             The game lasted 00:17:30 (7729 turns).

Noranon the Martial Artist (Octopode Monk)          Turns: 7729, Time: 00:17:31

Health: -1/60      AC:  1    Str: 14    XL:     9   Next: 24%
Magic:  9/9        EV: 20    Int: 19    God:
Gold:   355        SH:  6    Dex: 20    Spells: 8/8 levels left

rFire   . . .      SeeInvis .     - Unarmed
rCold   . . .      Faith    .   i - +0 buckler
rNeg    . . .      Spirit   .   (helmet restricted)
rPois   .          Reflect  .   (no amulet)
rElec   .          Harm     .   d - +6 ring of dexterity
rCorr   .          Rampage  .   p - +4 ring of evasion
Will    .....                   r - +6 ring of intelligence
Stlth   +++.......              (no ring)
HPRegen 0.20/turn               (no ring)
MPRegen 0.11/turn               (no ring)
                                (no ring)
                                (no ring)

@: no status effects
A: almost no armour, amphibious, 8 rings, camouflage 1, gelatinous body 1,
(nimble swimmer 1), tentacles
a: no special abilities


You were on level 7 of the Dungeon.
You visited 1 branch of the dungeon, and saw 7 of its levels.
You also visited: Sewer.

You collected 355 gold pieces.

Inventory:

Missiles
 y - 2 throwing nets (quivered)
Armour
 i - a +0 buckler (worn)
Jewellery
 d - a +6 ring of dexterity (left tentacle)
 f - an amulet of magic regeneration
 p - a +4 ring of evasion (right tentacle)
 r - a +6 ring of intelligence (on tentacle)
Wands
 g - a wand of iceblast (5)
 n - a wand of digging (2)
Scrolls
 a - 2 scrolls of immolation {unknown}
 b - 3 scrolls of fear {unknown}
 c - 8 scrolls of identify {unknown}
 e - 2 scrolls of teleportation {unknown}
 l - 2 scrolls of brand weapon {unknown}
 q - a scroll of vulnerability {unknown}
 s - 3 scrolls of blinking {unknown}
 u - a scroll of magic mapping {unknown}
 x - a scroll of enchant weapon {unknown}
 z - a scroll of torment {unknown}
Potions
 h - a potion of flight {unknown}
 j - 2 potions of haste {unknown}
 k - 3 potions of mutation {unknown}
 m - a potion of resistance {unknown}
 o - a potion of degeneration {unknown}
 t - 2 potions of curing {unknown}
 v - a potion of cancellation {unknown}
 w - a potion of heal wounds


   Skills:
 + Level 4.9 Fighting
 + Level 5.6 Dodging
 - Level 2.6 Stealth
 * Level 4.8 Shields
 + Level 9.3 Unarmed Combat


You had 8 spell levels left.
You didn't know any spells.
Your spell library contained the following spells:

 Spells                   Type           Power      Damage    Failure   Level
 Call Canine Familiar     Summ           0%         N/A       61%         3
 Dazzling Flash           Conj/Hex       0%         N/A       61%         3
 Portal Projectile        Hex/Tloc       0%         N/A       61%         3
 Leda's Liquefaction      Hex/Erth       0%         N/A       95%         4
 Agony                    Necr           0%         N/A       100%        5
 Silence                  Hex/Air        0%         N/A       100%        5


Dungeon Overview and Level Annotations

Branches:
Dungeon (7/15)             Temple (0/1) D:7           Sewer (visited)

Altars:
Dithmenos
Gozag
Makhleb
The Shining One

Shops:
D:5 !


Innate Abilities, Weirdness & Mutations

You cannot wear most types of armour.
You are amphibious.
You can wear up to eight rings at the same time.
Your skin changes colour to match your surroundings (Stealth+).
Your rubbery body absorbs attacks. (AC +1, EV +1)
((You are camouflaged when in or above water. (Stealth+)))
You have tentacles for arms and can constrict up to eight enemies at once.


Message History

You tentacle-slap the gnoll shaman but do no damage.
You grab the gnoll shaman. You constrict the gnoll shaman.
The white imp grinds its teeth.
The gnoll hits you with a +0 club. The gnoll barely misses you.
You block the gnoll shaman's attack.
You tentacle-slap the gnoll shaman but do no damage.
The gnoll shaman is lightly wounded.
You constrict the gnoll shaman. You block the gnoll's attack.
The gnoll shaman hits you with a +0 whip!
The gnoll barely misses you.
You tentacle-slap the gnoll shaman.
The gnoll shaman is heavily wounded.
You constrict the gnoll shaman. The gnoll completely misses you.
The gnoll misses you. The gnoll shaman completely misses you.
You bludgeon the gnoll shaman!
You kill the gnoll shaman!
The gnoll hits you with a +0 club. The gnoll closely misses you.
You barely miss the gnoll. You grab the gnoll. You constrict the gnoll.
You tentacle-slap the gnoll.
The gnoll is heavily wounded.
You constrict the gnoll. The gnoll closely misses you. The gnoll misses you.
You block the gnoll's attack.
You bludgeon the gnoll!
You kill the gnoll!
The gnoll hits you with a +0 club. You block the gnoll's attack.
You bludgeon the troll!
The troll is moderately wounded.
The troll barely misses you. The troll misses you.
You block the troll's attack. The gnoll barely misses you.
The gnoll hits you from afar with a +0 spear!
You barely miss the troll.
The troll is moderately wounded.
The troll completely misses you. You block the troll's attack.
The troll claws you! The gnoll misses you.
The gnoll hits you from afar with a +0 spear.
* * * LOW HITPOINT WARNING * * *
Found a scale mail.
The gnoll hits you with a +0 club!
* * * LOW HITPOINT WARNING * * *
The troll bites you!
You die...

...........
..###..........
.............
#..........
###?<5......
#...g....... .
##.8.#...).T.
....#...g)...#...
...?.8?@T8..## ..
[..........## #
.###.#.8(###
....#### ......
...... ......
....


You could see a troll, 2 gnolls and a white imp.

Vanquished Creatures
  A steam dragon (D:5)
  A water moccasin (D:5)
  2 ice beasts
  A centaur (D:6)
  7 kobold brigands
  2 scorpions
  4 wights
  3 jellies
  An orc priest (D:6)
  3 hounds (D:5)
  A gnoll shaman (D:7)
  2 iguanas
  2 orc wizards (D:6)
  Ijyb (D:5)
  12 gnolls
  8 adders
  3 river rats (Sewer)
  2 shadow imps (D:6)
  An ufetubus (D:5)
  4 worms (Sewer)
  2 dart slugs (D:3)
  14 orcs
  5 bats
  7 endoplasms
  5 giant cockroaches
  12 hobgoblins
  7 jackals
  15 kobolds
  A quokka (D:5)
  10 ball pythons
  2 frilled lizards
  10 goblins
  9 rats
160 creatures vanquished.

Vanquished Creatures (others)
  A jackal (D:5)
1 creature vanquished.

Grand Total: 161 creatures vanquished

Notes
Turn   | Place    | Note
-------+----------+-------------------------------------------
     0 | D:1      | Noranon the Octopode Monk began the quest for the Orb.
     0 | D:1      | Reached XP level 1. HP: 16/16 MP: 1/1
   206 | D:1      | Reached XP level 2. HP: 16/21 MP: 2/2
   657 | D:1      | Reached XP level 3. HP: 26/26 MP: 3/3
  1043 | D:2      | Found an opulent altar of Gozag.
  1529 | D:3      | Reached XP level 4. HP: 28/31 MP: 4/4
  1584 | D:3      | Found a faded altar of an unknown god.
  1635 | D:3      | Found a glowing drain.
  1652 | Sewer    | Entered a sewer
  1782 | Sewer    | Reached skill level 4 in Unarmed Combat
  2038 | Sewer    | Noticed a kobold brigand
  2051 | Sewer    | Killed a kobold brigand
  2052 | Sewer    | Reached skill level 1 in Shields
  2052 | Sewer    | Reached XP level 5. HP: 37/37 MP: 5/5
  2194 | Sewer    | Noticed a kobold brigand
  2206 | Sewer    | Killed a kobold brigand
  2207 | Sewer    | Reached XP level 6. HP: 18/43 MP: 6/6
  2520 | Sewer    | Reached skill level 5 in Unarmed Combat
  2932 | Sewer    | Reached XP level 7. HP: 48/48 MP: 7/7
  3038 | Sewer    | Reached skill level 6 in Unarmed Combat
  3049 | Sewer    | HP: 2/48 [poisoned by a kobold brigand]
  3589 | D:3      | Found Zodyots's Distillery.
  4525 | D:4      | Found a burning altar of Makhleb.
  4689 | D:4      | Found a glowing golden altar of the Shining One.
  4827 | D:5      | Entered Level 5 of the Dungeon
  4886 | D:5      | Found Arghikas's Distillery.
  5160 | D:5      | Reached skill level 7 in Unarmed Combat
  5160 | D:5      | Reached XP level 8. HP: 41/54 MP: 8/8
  5252 | D:5      | You fall into a shaft and drop 1 floor!
  5369 | D:5      | Noticed Ijyb
  5396 | D:5      | Killed Ijyb
  5594 | D:5      | Reached skill level 5 in Dodging
  5594 | D:5      | Reached skill level 8 in Unarmed Combat
  5602 | D:5      | Found a shadowy altar of Dithmenos.
  6822 | D:6      | Reached XP level 9. HP: 60/60 MP: 9/9
  7077 | D:6      | Reached skill level 9 in Unarmed Combat
  7716 | D:7      | Noticed a troll
  7716 | D:7      | Found a staircase to the Ecumenical Temple.
  7729 | D:7      | Slain by a troll

Illustrated notes

Levels and vault maps discovered:
D:1:      dpeg_arrival_oval, layout_rooms, dk_noncrumbling_2
D:2:      layout_loops_ring, basic_altar
D:3:      layout_rooms, ebering_ecumenical_altar_box, serial_shops,
          nicolae_shop_advertising_works [nicolae_subvault_shop_adworks],
          portal_sewer_entry_c, chequers_serial_rivers_small_a,
          serial_bayou_pond_b, minmay_misc_feat_x, kennysheep_generic_room_9
D:4:      layout_gridville, nicolae_tso_swordbearing_angel, kennysheep_mini_moat
D:5:      layout_loops_ring, lemuel_round_altar, serial_shops, shop,
          corexii_checkpoint_a, uniq_ijyb
D:6:      nicolae_cairo_tiling_large_dashed, layout_loops_corners
D:7:      layout_cave_pools, minmay_temple_entry_statues_pillars, hex_large

Skill      XL: |  1  2  3  4  5  6  7  8  9 |
---------------+----------------------------+-----
Unarmed Combat | 4 5 7 8 9 |  9.3
Shields        | 1 2 3 4 |  4.8
Dodging        | 4 5 |  5.6
Fighting       | 4 |  4.9
Stealth        | |  2.6

Action                   |  1- 3 |  4- 6 |  7- 9 || total
-------------------------+-------+-------+-------++-------
Melee: Unarmed           |    72 |    91 |   229 ||   392
       Tentacles         |    16 |    30 |    64 ||   110
       Constrict         |    20 |    23 |    52 ||    95
       Punch             |       |     2 |    13 ||    15
  Use: Potion            |     1 |       |     3 ||     4
 Stab: Sleeping          |    11 |    14 |    22 ||    47
       Distracted        |     1 |       |     1 ||     2
Armor: Skin              |     4 |     4 |     5 ||    13
Dodge: Dodged            |    60 |    41 |   160 ||   261
Block: Buckler           |       |       |    27 ||    27

Table legend: (Time is in decaauts)
 A = Elapsed time spent in this place.
 B = Non-inter-level travel time spent in this place.
 C = Inter-level travel time spent in this place.
 D = Time resting spent in this place.
 E = Time spent auto-exploring this place.
 F = Levels seen in this place.
 G = Mean time per level.
                   A        B        C        D        E       F      G
               +--------+--------+--------+--------+--------+-----+--------+
         Total |   7690 |   7367 |    323 |   1334 |   4886 |   8 |  961.2 |
       Dungeon |   5894 |   5571 |    323 |    654 |   4014 |   7 |  842.0 |
         Sewer |   1795 |   1795 |      0 |    680 |    872 |   1 | 1795.0 |
               +--------+--------+--------+--------+--------+-----+--------+

Top non-repeatable levels by time:
   Sewer: 1795 daAuts
     D:5: 1450 daAuts
     D:6: 1375 daAuts
     D:2: 834 daAuts
     D:4: 750 daAuts
     D:3: 748 daAuts
     D:1: 679 daAuts
     D:7: 57 daAuts
